 Dungeon Crawl Stone Soup version 0.22-a0-410-g97be04f (webtiles) character file.

17 dstrtnsr the Cudgeler (level 2, -1/19 HPs)
             Began as a Merfolk Wanderer on May 11, 2018.
             Killed from afar by a dart slug (4 damage)
             ... with a slug dart
             ... on level 2 of the Dungeon.
             The game lasted 00:02:56 (308 turns).

dstrtnsr the Cudgeler (Merfolk Wanderer)             Turns: 308, Time: 00:02:58

Health: -1/19      AC:  2    Str: 14    XL:     2   Next: 62%
Magic:  4/5        EV: 11    Int: 10    God:
Gold:   52         SH:  0    Dex: 12    Spells: 4/5 levels left

rFire    . . .     SeeInvis .   a - +2 mace
rCold    . . .     Gourm    .   (no shield)
rNeg     . . .     Faith    .   d - +0 robe
rPois    .         Spirit   .   (no helmet)
rElec    .         Reflect  .   (no cloak)
rCorr    .         Harm     .   (no gloves)
MR       +....                  (no boots)
Stlth    +.........             (no amulet)
HPRegen  0.06/turn              m - ring of protection from magic
MPRegen  0.09/turn              (no ring)

@: very slightly contaminated
A: change form in water, swift swim, stealthy swim
a: no special abilities


You were on level 2 of the Dungeon.
You were not hungry.

You visited 1 branch of the dungeon, and saw 3 of its levels.

You collected 52 gold pieces.

Inventory:

Hand Weapons
 a - a +2 mace (weapon)
Armour
 d - a +0 robe (worn)
Jewellery
 m - a ring of protection from magic (left hand)
Scrolls
 b - a scroll of enchant weapon {unknown}
 g - a scroll of immolation {unknown}
Potions
 c - a potion of heal wounds {unknown}
 e - a potion of flight {unknown}
Comestibles
 f - 2 chunks of flesh
 w - a ration {!d}


   Skills:
 - Level 2.4 Maces & Flails
   Level 1.0 Shields
 + Level 2.4 Unarmed Combat
 - Level 2.0 Spellcasting
   Level 1.5 Necromancy
   Level 1.0 Fire Magic
   Level 1.0 Evocations


You had 4 spell levels left.
You knew the following spells:

 Your Spells              Type           Power        Failure   Level  Hunger
B - Summon Butterflies    Summ           #.......     30%         1    ##.....


Dungeon Overview and Level Annotations

Branches:
Dungeon (3/15)

Altars:
Makhleb


Message History

You feel sick.
You are no longer poisoned.
Damage: -5%(-1hp) hp: 22%(4hp)
Found a fuming silvery potion.
You see here a fuming silvery potion.
e - a fuming silvery potion Memorise Summon Butterflies, consuming 1 spell level and leaving 4?
You start memorising the spell.
You continue memorising.
You finish memorising.
Spell assigned to 'B'.
A kobold comes into view.
The kobold shouts!
You hit the kobold.
The kobold is moderately wounded.
The kobold hits you but does no damage. The kobold completely misses you.
A frilled lizard comes into view.
The frilled lizard hisses angrily.
You hit the kobold.
The kobold is severely wounded.
The kobold barely misses you.
Unknown command.
You sock the kobold!
You kill the kobold!
Unknown command.
Unknown command.
You miss the frilled lizard. The frilled lizard barely misses you.
You sock the frilled lizard!
You kill the frilled lizard!
You see here a frilled lizard corpse.
You open the door.
There is an open door here.
As you open the door, it creaks loudly!
A rat comes into view.
There is an open door here.
The rat barely misses you.
You hit the rat but do no damage. The rat barely misses you.
You completely miss the rat. The rat closely misses you.
You thump the rat!
You kill the rat!
A kobold comes into view.
Found 15 sling bullets and a scroll labeled BUNAAVOWNO.
The kobold shouts!
The kobold throws a stone.
The stone completely misses you.
Unknown command.
The kobold misses you.
You hit the kobold.
You kill the kobold!
Things that are here:
a stone; a kobold corpse You see here a scroll labeled BUNAAVOWNO.
g - a scroll labeled BUNAAVOWNO A hobgoblin comes into view.
It is wielding a club.
A worm comes into view.
The hobgoblin shouts!
Found 11 gold pieces.
Unknown command.
You hit the hobgoblin.
The hobgoblin is heavily wounded.
The hobgoblin hits you with a club.
* * * LOW HITPOINT WARNING * * *
Damage: -5%(-1hp) hp: 43%(8hp)
You hit the hobgoblin.
The hobgoblin is almost dead.
The hobgoblin barely misses you.
A bat comes into view.
You sock the hobgoblin!
You kill the hobgoblin!
The bat barely misses you.
Unknown command.
The bat hits you but does no damage. The bat hits you but does no damage.
The bat closely misses you.
Unknown command.
The bat hits you.
* * * LOW HITPOINT WARNING * * *
Damage: -6%(-1hp) hp: 37%(7hp)
You hit the bat.
You kill the bat!
Found 14 gold pieces.
Found 9 gold pieces.
You see here 14 gold pieces.
You now have 32 gold pieces (gained 14).
You see here 9 gold pieces.
You now have 41 gold pieces (gained 9).
You see here 11 gold pieces.
You now have 52 gold pieces (gained 11).
Found a scroll labeled EFAN ZONNEATI.
Found 11 gold pieces.
A dart slug comes into view.
Casting: Summon Butterflies (safe; 30% risk of failure)
Confirm with . or Enter, or press ? or * to list all spells.
You miscast Summon Butterflies.
You are very lightly contaminated with residual magic.
Nothing appears to happen.
Unknown command.
The dart slug launches a dart at you. The slug dart hits you!
* * * LOW HITPOINT WARNING * * *
Huge Dmg: -32%(-6hp) hp: 16%(3hp)
The dart slug launches a dart at you. The slug dart hits you!
You die...

#. #............#.
#+###............#.
+_+....###########.
# #####..# #. #. ##
#..###### ##.
#w#######........
...
#................
...
###.............
... #$.@..........
... #..?..........
... #.............
... #.....########
#. ......# #
.....### ......#
.......#


You could see a dart slug.

Vanquished Creatures
  An adder (D:2)
  A leopard gecko (D:2)
  A hobgoblin (D:2)
  2 kobolds (D:2)
  A bat (D:2)
  A frilled lizard (D:2)
  A rat (D:2)
8 creatures vanquished.

Notes
Turn   | Place    | Note
-------+----------+-------------------------------------------
     0 | D:1      | dstrtnsr the Merfolk Wanderer began the quest for the Orb.
     0 | D:1      | dstrtnsr set off with: a +2 mace, a +0 robe, a ration {!d}
     0 | D:1      | Reached XP level 1. HP: 13/13 MP: 3/3
   144 | D:2      | HP: 4/13 [adder (4)]
   146 | D:2      | Reached skill level 1 in Unarmed Combat
   146 | D:2      | Reached XP level 2. HP: 5/19 MP: 5/5
   178 | D:2      | HP: 7/19 [poisoned by a kobold]
   185 | D:2      | HP: 6/19 [poisoned by a kobold]
   193 | D:2      | HP: 4/19 [poisoned by a kobold]
   204 | D:2      | Learned a level 1 spell: Summon Butterflies
   280 | D:2      | HP: 7/19 [bat (1)]
   307 | D:2      | HP: 3/19 [dart slug/slug dart (6)]
   308 | D:2      | Found a burning altar of Makhleb.
   308 | D:2      | Killed from afar by a dart slug

Vault maps used:
D:1:      minmay_arrival_glassed_features, interstate_on_off, minmay_tripent
D:2:      lemuel_doored_altar
D:3:      nicolae_overflow_hidden_temple, uniq_sigmund, uniq_robin

Skill      XL: |  1  2 |
---------------+-------+-----
Unarmed Combat | 1 2 |  2.4
Maces & Flails | |  2.4
Shields        | |  1.0
Spellcasting   | |  2.0
Necromancy     | |  1.5
Fire Magic     | |  1.0
Evocations     | |  1.0

Action                   || total
-------------------------++-------
Melee: Mace              ||    19
  Use: Potion            ||     1
Armor: Robe              ||     4
Dodge: Dodged            ||    16

Table legend:
 A = Spawn XP
 B = Non-spawn XP
 C = Spawn XP percentage of total XP
 D = Spawn monster count
 E = Non-spawn monster count
 F = Spawn count percentage of total count
 G = Total turns spent on level
                    A         B        C        D         E        F      G
               +---------+---------+-------+---------+---------+-------+---------
         Total |       0 |      25 |   0.0 |       0 |       8 |   0.0 |   308
               +---------+---------+-------+---------+---------+-------+---------
           D:2 |       0 |      25 |   0.0 |       0 |       8 |   0.0 |   229
               +---------+---------+-------+---------+---------+-------+---------
